 Dungeon Sprint DCSS version 0.31-a0-360-gb3e1d13bf4 (webtiles) character file.

Game seed: 11994901719320784170

7317 dialectric the Ninja (level 10, -11/60 HPs)
             Began as a Spriggan Brigand on July 26, 2023.
             Was a Follower of Uskayaw.
             Mangled by a demonic crawler (16 damage)
             ... in the Dungeon (Sprint I: "Red Sonja").
             The game lasted 00:05:13 (692 turns).

dialectric the Ninja (Spriggan Brigand)              Turns: 692, Time: 00:05:14

Health: -11/60     AC:  3    Str:  5    XL:     10   Next: 90%
Magic:  11/11      EV: 27    Int: 11    God:    Uskayaw [*.....]
Gold:   1576       SH:  0    Dex: 21    Spells: 9/9 levels left

rFire   . . .        n - +2 dagger (distort)
rCold   . . .        (no shield)
rNeg    . . .        b - +0 robe
rPois   .            (helmet restricted)
rElec   .            c - +0 cloak
rCorr   .            (gloves unavailable)
SInv    +            (boots unavailable)
Will    +....        (no amulet)
Stlth   ++++++++++   (no ring)
HPRegen 0.30/turn    (no ring)
MPRegen 0.12/turn

%: no teleportation
@: very quick
A: very small, no large weapons, unfitting armour, see invisible, speed 3,
talons 1, dopey 1, weak 1
a: Renounce Religion, Stomp


You were in the Dungeon.
You worshipped Uskayaw.
Uskayaw was noncommittal.
You visited 1 branch You collected 2014 gold pieces.
You spent 438 gold pieces at shops.

Inventory:

Hand Weapons
 a - a +2 dagger
 n - a +2 dagger of distortion (weapon)
Missiles
 d - 9 poisoned darts
 e - 4 curare-tipped darts (quivered)
Armour
 b - a +0 robe (worn)
 c - a +0 cloak (worn)
 j - a +1 buckler of resistance
Wands
 l - a wand of paralysis (2)
Scrolls
 k - a scroll of blinking
 m - a scroll of revelation {unknown}
 o - a scroll of torment {unknown}
 q - a scroll of immolation {unknown}
Potions
 f - 3 potions of curing
 g - a potion of heal wounds
 h - a potion of haste
 i - 2 potions of magic
Miscellaneous
 p - a box of beasts


   Skills:
 + Level 10.6 Fighting
 + Level 11.6 Short Blades
 - Level 2.5 Throwing
 + Level 11.8 Dodging
 O Level 27 Stealth
 * Level 3.7 Shields
 - Level 2.4 Evocations


You had 9 spell levels left.
You didn't know any spells.
Your spell library was empty.

Dungeon Overview and Level Annotations

Branches:
Dungeon (1/1)

Altars:
Cheibriados
Dithmenos
Elyvilon
Fedhas
Gozag
Hepliaklqana
Kikubaaqudgha
Makhleb
Nemelex Xobeh
Okawaru
Qazlal
Ru
Sif Muna
Trog
Uskayaw
Vehumet
Wu Jian
Xom
Yredelemnul
Zin
The Shining One
Jiyva
Lugonu

Shops:
D !*!((?!(*[(****[[


Innate Abilities, Weirdness & Mutations

You are very small and have problems with some larger weapons.
You are too small for most types of armour.
You have supernaturally acute eyesight. (SInv)
You cover ground extremely quickly. (Speed+++)
You have sharp toenails.
You are dopey. (Int -2)
You are weak. (Str -2)


Message History

As you read the scroll of blinking, it crumbles to dust.
The demonic crawler completely misses you.
The demonic crawler barely misses you. The demonic crawler misses you.
Unknown command.
You see here 27 gold pieces.
You see here 27 gold pieces.
You see here 27 gold pieces.
You see here 27 gold pieces.
There is an open door here.
You can no longer pass through a line of other dancers.
There is an open door here.
You see here a demonic crawler corpse.
Things that are here:
a +0 dagger; a +0 robe; a kobold skeleton
There is an open door, spattered with blood here.
Things that are here:
a +0 dagger of speed; a +0 robe
There is an open door here.
There is a burning altar of Makhleb here.
There is an open door here.
There is an open door here.
The demonic crawler gives a hideous shriek!
The demonic crawler hits you.
* * * LOW HITPOINT WARNING * * *
The demonic crawler barely misses you. The demonic crawler closely misses you.
There is an open door, spattered with blood here.
Things that are here:
a +1 scythe of protection; a +0 robe The demonic crawler completely misses you.
The demonic crawler closely misses you. The demonic crawler barely misses you.
There is an open door here.
Things that are here:
a +0 club; a +0 ring mail The demonic crawler misses you.
The demonic crawler completely misses you.
The demonic crawler barely misses you.
There is an open door here.
The demonic crawler completely misses you.
The demonic crawler misses you. The demonic crawler hits you!
You die...

###################
#<.#.)'..#..'..#__#
#.@'s.#..)..#..'..'
#.s#####'#####'#__#
#).####..#...#§####
#..#__####..##§#§§~
#..#_____##'#_.'§§§
#⌠⌠#_.∩..÷'..._#§§§
####_..__##_.#'##+#
#_____###'#.#..(
############.####'#


You could see 2 demonic crawlers.

Vanquished Creatures
  2 centaur warriors (D)
  A demonic crawler (D)
  Sonja (D)
  A lindwurm (D)
  A deep troll (D)
  An oklob plant (D)
  A shining eye (D)
  2 unseen horrors (D)
  2 kobold demonologists (D)
  A hornet (D)
  A slime creature (D)
  Sigmund (D)
  2 hogs (D)
  A yak (D)
  2 redbacks (D)
  4 floating eyes (D)
  An ogre (D)
  7 necrophages (D)
  8 jellies (D)
  Ijyb (D)
41 creatures vanquished.

Vanquished Creatures (others)
  2 ballistomycete spores (D)
2 creatures vanquished.

Grand Total: 43 creatures vanquished

Notes
Turn   | Place    | Note
-------+----------+-------------------------------------------
     0 | D        | dialectric the Spriggan Brigand began the quest for the
                  | Orb.
     0 | D        | Reached XP level 1. HP: 10/10 MP: 2/2
     2 | D        | Noticed Ijyb
     4 | D        | Killed Ijyb
     5 | D        | Reached skill level 9 in Stealth
     5 | D        | Reached XP level 2. HP: 15/15 MP: 3/3
     9 | D        | Noticed an ogre
    22 | D        | Killed an ogre
    23 | D        | Reached skill level 13 in Stealth
    23 | D        | Reached skill level 1 in Evocations
    23 | D        | Reached XP level 3. HP: 19/19 MP: 4/4
    23 | D        | Reached XP level 4. HP: 23/23 MP: 5/5
    44 | D        | Noticed Sigmund
    53 | D        | Killed Sigmund
    54 | D        | Reached skill level 16 in Stealth
    54 | D        | Reached XP level 5. HP: 22/28 MP: 6/6
    69 | D        | Found a shimmering blue altar of Sif Muna.
    70 | D        | Found an ornate altar of the Wu Jian Council.
    71 | D        | Found a radiant altar of Vehumet.
    76 | D        | Reached skill level 17 in Stealth
    76 | D        | Reached XP level 6. HP: 30/32 MP: 7/7
    89 | D        | Found Pupypp's General Store.
    89 | D        | Found an ancient bone altar of Kikubaaqudgha.
    89 | D        | Found a hazy altar of Hepliaklqana.
    89 | D        | Found a hide-covered altar of Uskayaw.
    89 | D        | Found a basalt altar of Yredelemnul.
    89 | D        | Found an opulent altar of Gozag.
    89 | D        | Found a snail-covered altar of Cheibriados.
    89 | D        | Found a sacrificial altar of Ru.
    89 | D        | Found a shadowy altar of Dithmenos.
    89 | D        | Noticed a yak
    90 | D        | Found a stormy altar of Qazlal.
    90 | D        | Found a blossoming altar of Fedhas.
    90 | D        | Found a bloodstained altar of Trog.
    90 | D        | Found an iron altar of Okawaru.
    90 | D        | Found a glowing golden altar of the Shining One.
    90 | D        | Found a glowing silver altar of Zin.
    90 | D        | Found a white marble altar of Elyvilon.
    91 | D        | Killed a yak
    92 | D        | Reached skill level 5 in Short Blades
    92 | D        | Reached skill level 19 in Stealth
   111 | D        | Found a sparkling altar of Nemelex Xobeh.
   114 | D        | Became a worshipper of Uskayaw the Reveller
   126 | D        | Found a burning altar of Makhleb.
   126 | D        | Found a shimmering altar of Xom.
   126 | D        | Noticed a slime creature
   127 | D        | Found a viscous altar of Jiyva.
   127 | D        | Found a corrupted altar of Lugonu.
   129 | D        | Killed a slime creature
   129 | D        | Reached * piety under Uskayaw
   130 | D        | Reached skill level 20 in Stealth
   130 | D        | Reached XP level 7. HP: 37/37 MP: 8/8
   142 | D        | Noticed a kobold demonologist
   143 | D        | Noticed a kobold demonologist
   146 | D        | Killed a kobold demonologist
   146 | D        | Reached ** piety under Uskayaw
   147 | D        | Reached skill level 22 in Stealth
   150 | D        | Killed a kobold demonologist
   150 | D        | Paralysed by a floating eye for 2 turns
   150 | D        | Reached *** piety under Uskayaw
   151 | D        | Reached skill level 23 in Stealth
   151 | D        | Reached XP level 8. HP: 40/42 MP: 9/9
   157 | D        | Reached **** piety under Uskayaw
   158 | D        | Paralysed by a floating eye for 3 turns
   164 | D        | Reached skill level 5 in Fighting
   169 | D        | Noticed a demonic crawler
   169 | D        | Noticed a demonic crawler
   169 | D        | Noticed a demonic crawler
   169 | D        | Noticed a demonic crawler
   189 | D        | Noticed Sonja
   193 | D        | Killed Sonja
   194 | D        | Reached skill level 5 in Dodging
   194 | D        | Reached skill level 25 in Stealth
   208 | D        | Noticed a deep troll
   212 | D        | Killed a deep troll
   213 | D        | Reached skill level 26 in Stealth
   213 | D        | Reached XP level 9. HP: 48/48 MP: 10/10
   224 | D        | Found Vahippif's Armour Emporium.
   286 | D        | Found Jeidead's Distillery.
   288 | D        | Noticed a shining eye
   288 | D        | Noticed a shining eye
   288 | D        | Noticed a shining eye
   289 | D        | Noticed a shining eye
   289 | D        | Noticed a shining eye
   289 | D        | Noticed a shining eye
   290 | D        | Noticed a shining eye
   290 | D        | Noticed a shining eye
   291 | D        | Killed a shining eye
   292 | D        | Reached skill level 27 in Stealth
   293 | D        | Gained mutation: You have sharp toenails. [a shining eye]
   293 | D        | Gained mutation: You are dopey. (Int -2) [a shining eye]
   296 | D        | Gained mutation: You are weak. (Str -2) [a shining eye]
   310 | D        | Noticed a centaur warrior
   311 | D        | Noticed a centaur warrior
   317 | D        | Killed a centaur warrior
   318 | D        | Killed a centaur warrior
   319 | D        | Reached XP level 10. HP: 53/56 MP: 11/11
   326 | D        | Noticed an oklob plant
   328 | D        | Killed an oklob plant
   329 | D        | Reached skill level 10 in Short Blades
   337 | D        | Reached skill level 10 in Dodging
   352 | D        | Reached ***** piety under Uskayaw
   430 | D        | Found Tykax's Weapon Shoppe.
   430 | D        | Found Ucrud's Distillery.
   430 | D        | Found Miekiext's Antique Weapon Boutique.
   446 | D        | Found Omirch's Assorted Antiques.
   446 | D        | Found Seijasch's Armour Emporium.
   446 | D        | Found Rofueman's Assorted Antiques.
   467 | D        | Reached skill level 10 in Fighting
   562 | D        | Found Cetikeudewn's Magic Scroll Emporium.
   562 | D        | Found Aqius's Distillery.
   562 | D        | Found Delemm's Weapon Shoppe.
   562 | D        | Found Natt's General Store.
   562 | D        | Found Tyjeumow's Antique Armour Emporium.
   562 | D        | Found Orchasealo's Weapon Shop.
   562 | D        | Found Evuliuh's General Store.
   564 | D        | Found Duddavom's Assorted Antiques.
   575 | D        | Bought a +1 buckler of resistance for 438 gold pieces
   637 | D        | Killed a demonic crawler
   649 | D        | Noticed a lindwurm
   651 | D        | Killed a lindwurm
   692 | D        | Mangled by a demonic crawler

Illustrated notes

Levels and vault maps discovered:
D:        dungeon_sprint_1 [red_sonja_temple_1, red_sonja_temple_small_1]

Skill      XL: |  1  2  3  4  5  6  7  8  9 10 |
---------------+-------------------------------+-----
Fighting       | 2 3 4 5 8 10 | 10.6
Stealth        | 9 13 16 17 20 23 26 27 | 27.0
Short Blades   | 3 4 5 6 7 9 11 | 11.6
Dodging        | 2 3 4 5 9 11 | 11.8
Evocations     | 1 2 |  2.4
Shields        | 3 |  3.7
Throwing       | |  2.5

Action                     |  1- 3 |  4- 6 |  7- 9 | 10-12 || total
---------------------------+-------+-------+-------+-------++-------
  Melee: Dagger            |     1 |     5 |    19 |    52 ||    77
         Kick              |       |       |       |    11 ||    11
         Punch             |       |       |       |     1 ||     1
  Throw: Dart              |     3 |     2 |     1 |     3 ||     9
  Evoke: Wand              |     3 |     1 |     4 |     2 ||    10
    Use: Scroll            |       |       |       |     1 ||     1
         Potion            |       |       |       |     1 ||     1
   Stab: Sleeping          |     1 |     3 |     7 |    12 ||    23
         Paralysed         |       |     1 |     2 |     4 ||     7
         Distracted        |       |       |       |     1 ||     1
 Armour: Robe              |       |     1 |       |     3 ||     4
  Dodge: Dodged            |     1 |       |     7 |    66 ||    74

Table legend: (Time is in decaauts)
 A = Elapsed time spent in this place.
 B = Non-inter-level travel time spent in this place.
 C = Inter-level travel time spent in this place.
 D = Time resting spent in this place.
 E = Time spent auto-exploring this place.
 F = Levels seen in this place.
 G = Mean time per level.
                   A        B        C        D        E       F      G
               +--------+--------+--------+--------+--------+-----+--------+
         Total |    504 |    504 |      0 |      0 |    101 |   1 |  504.0 |
       Dungeon |    504 |    504 |      0 |      0 |    101 |   1 |  504.0 |
               +--------+--------+--------+--------+--------+-----+--------+

Top non-repeatable levels by time:
       D: 504 daAuts
